 Dungeon Crawl Stone Soup version 0.30.1-9-gdf580d7c3d (webtiles) character file.

Game seed: 2545692944324092419

157 lonewolfV2 the Conjurer (level 5, 0/21 HPs)
             Began as a Felid Conjurer on Oct 13, 2023.
             Succumbed to a scorpion's poison
             ... on level 6 of the Dungeon.
             The game lasted 00:07:57 (4703 turns).

lonewolfV2 the Conjurer (Felid Conjurer)            Turns: 4703, Time: 00:07:58

Health: 0/21       AC:  1    Str:  3    XL:     5   Next: 15%
Magic:  7/10       EV: 17    Int: 21    God:
Gold:   231        SH:  0    Dex: 15    Spells: 7/10 levels left
                                        Lives:  0   Deaths: 1

rFire   + . .        (weapon unavailable)
rCold   . . .        (shield unavailable)
rNeg    . . .        (body armour unavailable)
rPois   +            (helmet unavailable)
rElec   .            (cloak unavailable)
rCorr   .            (gloves unavailable)
SInv    +            (boots unavailable)
Will    .....        (no amulet)
Stlth   ++           f - ring of poison resistance
HPRegen 0.23/turn    c - ring of protection from fire
MPRegen 0.12/turn

%: no passive effects
@: lethally poisoned (0 -> -2), quick
A: very small, claws 1, fangs 3, see invisible, speed 1, shaggy fur 1, stealthy
paws, no weapons or thrown items, no armour, multi-lived
a: no special abilities


You were on level 6 of the Dungeon.
You visited 1 branch of the dungeon, and saw 6 of its levels.

You collected 231 gold pieces.

Inventory:

Jewellery
 c - a ring of protection from fire (right paw)
 f - a ring of poison resistance (left paw)
Scrolls
 d - a scroll of vulnerability {unknown}
 e - a scroll of silence {unknown}
 g - 2 scrolls of amnesia
Potions
 a - a potion of magic
 b - 2 potions of curing {unknown}


   Skills:
 - Level 3.0 Dodging
 - Level 3.1 Stealth
 - Level 3.1 Spellcasting
 + Level 5.6 Conjurations


You had 7 spell levels left.
You knew the following spells:

 Your Spells              Type           Power      Damage    Failure   Level
a - Magic Dart            Conj           100%       1d8       1%          1
b - Searing Ray           Conj           54%        2d6       1%          2

Your spell library contained the following spells:

 Spells                   Type           Power      Damage    Failure   Level
 Dazzling Flash           Conj/Hex       30%        N/A       12%         3
 Fulminant Prism          Conj/Hex       7%         3d6       38%         4
 Iskenderun's Mystic Bla  Conj/Tloc      15%        2d5       38%         4


Dungeon Overview and Level Annotations

Branches:
Dungeon (7/15)
 Temple: D:4-7

Altars:
Makhleb
Nemelex Xobeh

Shops:
D:7 [

Annotations:
D:4 1 runed translucent door, Crazy Yiuf, Pikel


Innate Abilities, Weirdness & Mutations

You have sharp claws.
You have razor-sharp teeth.
You have supernaturally acute eyesight. (SInv)
You cover ground quickly. (Speed+)
You are covered in fur. (AC +1)
Your paws help you pounce on unaware monsters.
You are incapable of wielding weapons or throwing items.
You cannot wear armour.
You gain extra lives every three experience levels.


Message History

Aiming: Magic Dart (safe; 1% risk of failure)
Press: ? - help, Shift-Dir - straight line, f/p - scorpion
Aim: a scorpion (moderately wounded, 100% to hit)
The magic dart hits the scorpion but does no damage.
The scorpion is moderately wounded.
Casting: Magic Dart (safe; 1% risk of failure)
Confirm with . or Enter, or press ? or * to list all spells.
Aiming: Magic Dart (safe; 1% risk of failure)
Press: ? - help, Shift-Dir - straight line, f/p - scorpion
Aim: a scorpion (moderately wounded, 100% to hit)
The magic dart hits the scorpion.
The scorpion is heavily wounded.
Casting: Magic Dart (safe; 1% risk of failure)
Confirm with . or Enter, or press ? or * to list all spells.
Aiming: Magic Dart (safe; 1% risk of failure)
Press: ? - help, Shift-Dir - straight line, f/p - scorpion
Aim: a scorpion (heavily wounded, 100% to hit)
The magic dart hits the scorpion.
The scorpion is almost dead.
The scorpion stings you.
You are poisoned.
The scorpion poisons you!
Found a glowing orb.
You feel very sick. The scorpion completely misses you.
You feel sick. The scorpion misses you.
You feel sick. The scorpion closely misses you.
You feel sick.
You feel sick.
You feel sick. The phantom hits you.
* * * LOW HITPOINT WARNING * * *
* * * LOW HITPOINT WARNING * * *
You feel sick. The scorpion misses you.
There is a stone staircase leading up here.
* * * LOW HITPOINT WARNING * * *
You feel sick. The phantom misses you. The scorpion barely misses you.
You climb upwards.
You hear the sound of rushing water.
There is an entrance to a sewer on this level.
Hurry and find it before the portal rusts away!
You die...

... .# ...
.# #.. .#
###.. ..
.... .#
#.. .#
#W#.####.#
#s@......#
###.######
.# .# .#
.# .# f.


You could see a phantom, a sleepcap (dormant) and a scorpion.

Vanquished Creatures
  A scorpion (D:4)
  A howler monkey (D:4)
  Robin (D:1)
  2 adders (D:2)
  A worm (D:3)
  2 dart slugs
  8 orcs
  5 bats
  9 endoplasms
  2 giant cockroaches
  7 hobgoblins
  2 quokkas
  5 ball pythons
  6 frilled lizards
  15 goblins
  7 kobolds
  2 rats (D:2)
76 creatures vanquished.

Notes
Turn   | Place    | Note
-------+----------+-------------------------------------------
     0 | D:1      | lonewolfV2 the Felid Conjurer began the quest for the Orb.
     0 | D:1      | Reached XP level 1. HP: 7/7 MP: 4/4
   214 | D:1      | Reached XP level 2. HP: 11/11 MP: 3/6
   289 | D:1      | Learned a level 2 spell: Searing Ray
   447 | D:1      | Found a faded altar of an unknown god.
  1084 | D:2      | Reached skill level 4 in Conjurations
  1084 | D:2      | Reached XP level 3. HP: 14/14 MP: 0/7
  1624 | D:2      | Noticed Robin
  1979 | D:1      | Killed Robin
  2640 | D:2      | Reached XP level 4. HP: 18/18 MP: 6/9
  3733 | D:3      | Found a burning altar of Makhleb.
  3885 | D:3      | Found a sparkling altar of Nemelex Xobeh.
  4070 | D:4      | Noticed Pikel
  4070 | D:4      | Noticed a lemure
  4070 | D:4      | Noticed a lemure
  4070 | D:4      | Noticed a lemure
  4070 | D:4      | Noticed a lemure
  4311 | D:4      | Slain by Pikel
  4312 | D:4      | Reached XP level 3. HP: -3/14 MP: 4/8
  4436 | D:4      | Noticed a scorpion
  4446 | D:4      | Killed a scorpion
  4447 | D:4      | Reached skill level 5 in Conjurations
  4447 | D:4      | Reached XP level 4. HP: 9/18 MP: 9/9
  4499 | D:4      | Reached XP level 5. HP: 21/21 MP: 6/10
  4649 | D:4      | Found a runed translucent door.
  4650 | D:4      | Noticed Crazy Yiuf
  4681 | D:4      | You fall into a shaft and drop 3 floors!
  4681 | D:7      | Found Zoiqix's Antique Armour Shop.
  4691 | D:7      | Noticed a phantom
  4701 | D:7      | HP: 1/21 [poisoned by a scorpion]
  4703 | D:6      | Succumbed to a scorpion's poison

Illustrated notes

Levels and vault maps discovered:
D:1:      dpeg_arrival_boxorama, layout_loops_ring,
          ebering_ecumenical_altar_mist
D:2:      layout_rooms, uniq_robin
D:3:      layout_rooms, lemuel_tele_altar, nemelex_dance_club_becter
D:4:      layout_gridville, serial_shops, nicolae_shop_rolling_square,
          grunt_decor_arrowhead, uniq_pikel, uniq_duvessa,
          uniq_crazy_yiuf_cottage
D:6:      layout_loops_ring, overflow_temple_1_default,
          mainiacjoe_overflow_tiny_flanked, gup_sewer_entry_glass
D:7:      layout_rooms, lemuel_blue_sif_altar, minmay_temple_entry_stoned_glass,
          serial_shops, nicolae_shop_hallway_plus, nicolae_book_shop_shelving,
          shop

Skill      XL: |  1  2  3 |
---------------+----------+-----
Stealth        | 3 |  3.1
Dodging        | 3 |  3.0
Conjurations   | 4 5 |  5.6
Spellcasting   | 3 |  3.1

Action                     |  1- 3 |  4- 6 || total
---------------------------+-------+-------++-------
  Melee: Unarmed           |     3 |     1 ||     4
   Cast: Magic Dart        |    75 |    55 ||   130
         Searing Ray       |    11 |     4 ||    15
    Use: Scroll            |     1 |     3 ||     4
         Potion            |     1 |     3 ||     4
 Armour: Skin              |     5 |     2 ||     7
  Dodge: Dodged            |    39 |    12 ||    51
